 Dungeon Crawl Stone Soup version 0.27.1-34-g3ba077fa99 (webtiles) character file.

Game seed: 9502887331057608079

6169 Lee the Thaumaturge (level 10, -9/45 HPs)
             Began as a Felid Conjurer on Jan 6, 2022.
             Was the Champion of Ashenzari.
             Killed from afar by a shock serpent (21 damage)
             ... with a bolt of electricity
             ... on level 1 of the Snake Pit.
             The game lasted 01:14:47 (10077 turns).

Lee the Thaumaturge (Felid Conjurer)               Turns: 10077, Time: 01:14:47

Health: -9/45      AC:  4    Str:  9    XL:     10   Next: 60%
Magic:  21/25      EV: 22    Int: 23    God:    Ashenzari [******]
Gold:   169        SH:  5    Dex: 20    Spells: 0/34 levels left
                                        Lives:  0   Deaths: 3

rFire    . . .     SeeInvis +     - Unarmed
rCold    + . .     Faith    .   (shield unavailable)
rNeg     . . .     Spirit   .   (armour unavailable)
rPois    .         Reflect  +   (helmet unavailable)
rElec    .         Harm     .   (cloak unavailable)
rCorr    .         Rampage  .   (gloves unavailable)
Will     +....     Clarity  +   (boots unavailable)
Stlth    ++++......             i - amulet of the Omniscient Moon {Reflect SH+5, Self, Bglg} (curse)
HPRegen  0.15/turn              e - ring of the Fated Entitlement {Wiz, Bglg, Comp} (curse)
MPRegen  0.19/turn              r - ring of Ashenzari's Urgency {rC+ Str+6 Int+2 Dex+3, Comp, Elem} (curse)

@: quick
A: very small, claws 1, fangs 3, see invisible, speed 1, shaggy fur 2, stealthy
paws, no weapons or thrown items, no armour, multi-lived, iridescent scales 1,
low mp 1, MP-powered wands
a: Renounce Religion, Shatter the Chains


You were on level 1 of the Snake Pit.
You worshipped Ashenzari.
Ashenzari was exalted by your worship.
You visited 3 branches of the dungeon, and saw 11 of its levels.

You collected 409 gold pieces.
You spent 240 gold pieces at shops.

Inventory:

Jewellery
 e - the cursed ring of the Fated Entitlement (left paw) {Wiz, Bglg, Comp}
   (You found it on level 1 of the Dungeon)

   [ring of wizardry]

   It improves your spell success rate.
   It has a curse which improves the following skills: Beguiling: Conjurations,
   Hexes and Translocations.
   Companions: Summonings and Necromancy.
 h - a ring of flight
 i - the cursed amulet of the Omniscient Moon (around neck) {Reflect SH+5, Self, Bglg}
   (You found it on level 5 of the Dungeon)

   [amulet of reflection]

   It reflects blocked missile attacks.
   SH:        It affects your SH (+5).
   It has a curse which improves the following skills: Introspection: Fighting
   and Spellcasting.
   Beguiling: Conjurations, Hexes and Translocations.
 m - an amulet of magic regeneration
 n - a ring of poison resistance
 q - an amulet of regeneration
 r - the cursed ring of Ashenzari's Urgency (right paw) {rC+ Str+6 Int+2 Dex+3, Comp, Elem}
   (You acquired it on level 7 of the Dungeon)

   [ring of strength]

   Str:       It affects your strength (+6).
   Int:       It affects your intelligence (+2).
   Dex:       It affects your dexterity (+3).
   rC:        It protects you from cold.
   It has a curse which improves the following skills: Companions: Summonings
   and Necromancy.
   Elements:  Fire Magic, Ice Magic, Air Magic and Earth Magic.
Wands
 g - a wand of flame (6)
Scrolls
 a - a scroll of enchant weapon
 b - a scroll of vulnerability
 c - 2 scrolls of identify
 f - 3 scrolls of immolation
Potions
 d - 3 potions of cancellation
 j - 2 potions of haste
 o - 2 potions of lignification
 p - a potion of brilliance


   Skills:
 + Level 3.1(5.7) Fighting
 + Level 7.1 Dodging
 + Level 6.8 Stealth
 + Level 4.6 Unarmed Combat
 + Level 10.0(12.8) Spellcasting
 + Level 9.3(13.6) Conjurations
 + Level 9.3(13.6) Hexes
 + Level 3.5(7.5) Summonings
 + Level 1.4 Transmutations
 + Level 1.9(4.1) Air Magic
 + Level 3.5 Evocations


You couldn't memorise any spells.
You knew the following spells:

 Your Spells              Type           Power      Damage    Failure   Level
a - Lightning Bolt        Conj/Air       27%        1d43      1%          5
b - Searing Ray           Conj           100%       3d7       0%          2
c - Wereblood             Tmut           21%        N/A       1%          2
d - Fulminant Prism       Conj/Hex       33%        3d16      1%          4
e - Call Canine Familiar  Summ           49%        N/A       1%          3
f - Summon Lightning Spi  Summ/Air       41%        N/A       1%          4
g - Summon Guardian Gole  Hex/Summ       59%        N/A       1%          3
h - Orb of Destruction    Conj           33%        9d12      5%          7
i - Airstrike             Air            16%        N/A       3%          4

Your spell library contained the following spells:

 Spells                   Type           Power      Damage    Failure   Level
 Magic Dart               Conj           100%       1d8       0%          1
 Sublimation of Blood     Necr           8%         N/A       1%          2
 Dazzling Flash           Conj/Hex       100%       N/A       1%          3
 Iskenderun's Mystic Bla  Conj/Tloc      47%        2d10      1%          4
 Spellforged Servitor     Conj/Summ      29%        N/A       19%         7
 Summon Hydra             Summ           24%        N/A       52%         7
 Ozocubu's Refrigeration  Ice            8%         4d6       100%        7


Dungeon Overview and Level Annotations

Branches:
Dungeon (8/15)             Temple (0/1) D:4            Lair (2/6) D:8
  Snake (1/4) Lair:2
  Swamp: Lair:2-4    Shoals: Lair:2-4

Altars:
Ashenzari

Shops:
D:5 *   D:6 !

Annotations:
Lair:1 2 transporters, vvlvvlvvl's ghost, journeyman DrFi


Innate Abilities, Weirdness & Mutations

You have sharp claws.
You have razor-sharp teeth.
You have supernaturally acute eyesight. (SInv)
You cover ground quickly. (Speed+)
You are covered in thick fur. (AC +2)
Your paws help you pounce on unaware monsters.
You are incapable of wielding weapons or throwing items.
You cannot wear armour.
You gain extra lives every three experience levels.
You are partially covered in iridescent scales. (AC +2)
Your magical capacity is low. (-10% MP)
You expend magic power (3 MP) to strengthen your wands.


Message History

You die...
The black mamba bites you.
You are now level 10!
You rejoin the land of the living...
Found a scroll of identify and an amulet of magic regeneration.
Found a chain mail.
A guardian serpent comes into view.
A shock serpent comes into view.
Press: ? - help, v - describe, . - travel
Here: a guardian serpent (wandering, hasn't noticed you)
The floor.
Casting: Fulminant Prism (safe; 1% risk of failure)
Confirm with . or Enter, or press ? or * to list all spells.
Aiming: Fulminant Prism (safe; 1% risk of failure)
Press: ? - help, Dir - move target You conjure a prism of explosive energy!
The guardian serpent shouts!
The shock serpent hisses angrily.
A fulminant prism comes into view.
You hear a shout!
The guardian serpent coils itself and waves its upper body at you.
The shock serpent blinks!
The shock serpent bites you! The shock serpent shocks you!
The naga hits you with a glaive!
* * * LOW HITPOINT WARNING * * *
You block the naga's attack. The salamander barely misses you.
You hear an angry hiss.
Press: ? - help, v - describe, . - travel
Here: a salamander, wielding a +0 spear The floor.
Okay, then.
Casting: Fulminant Prism (safe; 1% risk of failure)
Confirm with . or Enter, or press ? or * to list all spells.
Okay, then.
The salamander completely misses you.
The naga warrior roars a battlecry!
The nagas go into a battle-frenzy!
Your fulminant prism crackles loudly.
The salamander misses you.
The shock serpent shoots out a bolt of lightning at you!
The bolt of electricity hits you!!
You die...

,* ##.........# * , *,,##
*##.........?,,, ,* , ,,...
##.........., ,, * * , , ,,
....###.........., ,
##...........###.......... ,
........*.....#...."...... , ,
#......# #......NNN.......,, ,
#......###.......SN....... ,,,,
........#.......@.......#., ,,,,
#....................*..#, ,
,,,,
##.................[S.....,,,,,,
##†......N.#......##§....., , ,
, #.S..N....,#......##......,,,,
, ................... .....# ,
,*, #....##............,,...#**
* * #....##............. ,,, , ,
* #..N....{. ,, , * , , , , ,,*,


You could see a naga warrior, 2 salamanders, a shock serpent, a guardian serpent
(ally target), 2 nagas and a friendly fulminant prism.

Vanquished Creatures
  Harold (D:7)
  2 hydras (Lair:1)
  Erica (D:8)
  A mana viper (Snake:1)
  4 black mambas
  3 cane toads
  A komodo dragon (Lair:1)
  3 polar bears
  A slime creature (D:7)
  5 blink frogs (Lair:1)
  5 yaks
  2 wyverns
  2 basilisks (Lair:1)
  2 nagas (Lair:2)
  8 water moccasins
  2 orc warriors
  A hornet zombie (D:7)
  2 ice beasts (D:6)
  6 wolves (Lair:1)
  A sky beast (D:7)
  6 black bears
  2 ogres (D:5)
  A centaur (D:6)
  5 bullfrogs
  2 scorpions (D:6)
  2 centaur skeletons (D:7)
  5 hounds
  5 jellies
  A centaur zombie (D:8)
  3 orc priests
  3 iguanas
  Ijyb (D:3)
  Natasha (thrice) (D:2)
  4 orc wizards
  A howler monkey zombie (D:5)
  12 gnolls
  8 adders
  2 shadow imps
  4 white imps
  3 ufetubi
  An adder skeleton (D:4)
  3 worms
  2 dart slugs (D:3)
  13 orcs
  12 ball pythons
  14 endoplasms
  4 giant cockroaches
  8 goblins
  8 hobgoblins
  6 jackals
  8 quokkas
  4 bats
  A frilled lizard (D:3)
  17 kobolds
  4 rats
231 creatures vanquished.

Vanquished Creatures (collateral kills)
  A cane toad (Lair:2)
  A yak (D:8)
  4 wolves (Lair:1)
  A bullfrog (D:7)
7 creatures vanquished.

Vanquished Creatures (others)
  17 demonic plants (D:3)
  75 fulminant prisms
  64 fungi
  69 plants
  9 toadstools (D:4)
  A withered plant (D:3)
235 creatures vanquished.

Grand Total: 473 creatures vanquished

Notes
Turn   | Place    | Note
-------+----------+-------------------------------------------
     0 | D:1      | Lee the Felid Conjurer began the quest for the Orb.
     0 | D:1      | Reached XP level 1. HP: 7/7 MP: 4/4
   302 | D:1      | Reached XP level 2. HP: 9/11 MP: 4/6
   305 | D:1      | Learned a level 2 spell: Searing Ray
   598 | D:1      | Learned a level 2 spell: Wereblood
   969 | D:2      | Reached XP level 3. HP: 9/14 MP: 0/7
  1747 | D:2      | Noticed Natasha
  1752 | D:2      | Killed Natasha
  1753 | D:2      | Reached XP level 4. HP: 7/18 MP: 3/8
  1904 | D:2      | Noticed Natasha
  1915 | D:2      | Killed Natasha
  2061 | D:2      | Noticed Natasha
  2066 | D:2      | Killed Natasha
  2067 | D:2      | Reached skill level 1 in Unarmed Combat
  2067 | D:2      | Reached XP level 5. HP: 21/21 MP: 5/10
  2379 | D:3      | Reached skill level 3 in Spellcasting
  2483 | D:3      | Found a faded altar of an unknown god.
  2512 | D:3      | Became a worshipper of Ashenzari the Shackled
  2512 | D:3      | Identified the Guide on the Freezing Entourage
  2531 | D:3      | Reached * piety under Ashenzari
  2531 | D:3      | Reached ** piety under Ashenzari
  2539 | D:3      | Learned a level 4 spell: Fulminant Prism
  2787 | D:3      | Noticed Ijyb
  2921 | D:3      | HP: 1/21 [Ijyb/puff of flame (5)]
  3571 | D:4      | Killed by an exploding fulminant prism
  3572 | D:4      | Reached XP level 4. HP: -3/18 MP: 6/9
  3622 | D:4      | Reached XP level 5. HP: 21/21 MP: 3/10
  3951 | D:3      | Killed Ijyb
  4143 | D:4      | Gained mutation: You are covered in thick fur. (AC +2)
                  | [Felid growth]
  4143 | D:4      | Reached XP level 6. HP: 25/25 MP: 3/12
  4199 | D:4      | Reached skill level 1 in Transmutations
  4282 | D:4      | Found a staircase to the Ecumenical Temple.
  4292 | D:4      | Reached skill level 5 in Conjurations
  4418 | D:4      | Gained mutation: Your flesh is heat resistant. (rF+)
                  | [potion of mutation]
  4418 | D:4      | Lost mutation: Your flesh is heat resistant. (rF+) [potion
                  | of mutation]
  4418 | D:4      | Gained mutation: You expend magic power (3 MP) to
                  | strengthen your wands. [potion of mutation]
  4747 | D:5      | Entered Level 5 of the Dungeon
  4756 | D:5      | Reached skill level 1 in Fighting
  4756 | D:5      | Reached skill level 1 in Hexes
  5006 | D:5      | Reached XP level 7. HP: 28/28 MP: 2/13
  5046 | D:5      | Reached skill level 4 in Spellcasting
  5142 | D:5      | Learned a level 3 spell: Call Canine Familiar
  5241 | D:5      | Reached *** piety under Ashenzari
  5241 | D:5      | Reached **** piety under Ashenzari
  5500 | D:5      | Found Lajoal's Overcharged Wands.
  5709 | D:6      | Mangled by an orc warrior
  5710 | D:6      | Reached XP level 6. HP: -9/27 MP: 12/16
  5710 | D:6      | Noticed an ice beast
  5737 | D:6      | Killed an ice beast
  5859 | D:6      | Lost mutation: You expend magic power (3 MP) to strengthen
                  | your wands. [potion of mutation]
  5859 | D:6      | Gained mutation: Your magical capacity is low. (-10% MP)
                  | [potion of mutation]
  5859 | D:6      | Gained mutation: You are partially covered in iridescent
                  | scales. (AC +2) [potion of mutation]
  5859 | D:6      | Gained mutation: You expend magic power (3 MP) to
                  | strengthen your wands. [potion of mutation]
  5888 | D:6      | Reached XP level 7. HP: 16/30 MP: 10/16
  5965 | D:6      | Reached skill level 5 in Stealth
  5965 | D:6      | Reached skill level 5 in Spellcasting
  6291 | D:6      | Learned a level 4 spell: Summon Lightning Spire
  6295 | D:6      | Learned a level 3 spell: Summon Guardian Golem
  6365 | D:6      | Reached XP level 8. HP: 32/34 MP: 12/19
  6404 | D:6      | Found Kyqau's Distillery.
  6415 | D:6      | Reached skill level 6 in Spellcasting
  6435 | D:6      | Bought a potion of magic for 80 gold pieces
  6435 | D:6      | Bought a potion of curing for 30 gold pieces
  6435 | D:6      | Bought a potion of curing for 30 gold pieces
  6435 | D:6      | Bought a potion of heal wounds for 50 gold pieces
  6435 | D:6      | Bought a potion of berserk rage for 50 gold pieces
  7180 | D:7      | Identified a scroll of acquirement
  7189 | D:7      | Acquired the ring "Doodos" {rC+ Str+6 Int+2 Dex+3}
  7192 | D:7      | Reached ***** piety under Ashenzari
  7192 | D:7      | Reached ****** piety under Ashenzari
  7203 | D:7      | Noticed Harold
  7230 | D:7      | Killed Harold
  7231 | D:7      | Reached skill level 7 in Spellcasting
  7231 | D:7      | Reached skill level 5 in Hexes
  7231 | D:7      | Reached XP level 9. HP: 38/38 MP: 8/21
  7334 | D:7      | Reached skill level 1 in Summonings
  7659 | D:8      | Noticed Erica
  7673 | D:8      | Reached skill level 1 in Air Magic
  7680 | D:8      | Killed Erica
  7681 | D:8      | Reached skill level 5 in Dodging
  7700 | D:8      | Reached skill level 8 in Spellcasting
  7724 | D:8      | Reached XP level 10. HP: 16/43 MP: 9/23
  7729 | D:8      | Found a staircase to the Lair.
  7991 | Lair:1   | Entered Level 1 of the Lair of Beasts
  7992 | Lair:1   | Noticed a cane toad
  7999 | Lair:1   | Killed a cane toad
  8072 | Lair:1   | Found a transporter.
  8074 | Lair:1   | Found a transporter.
  8076 | Lair:1   | Noticed vvlvvlvvl's ghost (journeyman DrFi)
  8097 | Lair:1   | Noticed a six-headed hydra
  8108 | Lair:1   | Noticed a black mamba
  8121 | Lair:1   | Killed a black mamba
  8122 | Lair:1   | Reached skill level 1 in Evocations
  8273 | Lair:1   | Killed a six-headed hydra
  8274 | Lair:1   | Reached skill level 9 in Spellcasting
  8425 | Lair:1   | Identified the +1 chain mail of Inviolability {Str+4 SInv}
  8443 | Lair:1   | Noticed a cane toad
  8453 | Lair:1   | Killed a cane toad
  8596 | Lair:1   | Noticed a four-headed hydra
  8617 | Lair:1   | Killed a four-headed hydra
  8618 | Lair:1   | Reached XP level 11. HP: 23/48 MP: 1/25
  9186 | Lair:2   | Identified the +0 leather armour "Nuriocwo" {Rampage Dex+3
                  | Stlth-}
  9307 | Lair:2   | Learned a level 5 spell: Lightning Bolt
  9315 | Lair:2   | Learned a level 7 spell: Orb of Destruction
  9320 | Lair:2   | Learned a level 4 spell: Airstrike
  9990 | Lair:2   | Found a staircase to the Snake Pit.
 10041 | Snake:1  | Entered Level 1 of the Snake Pit
 10041 | Snake:1  | Noticed a mana viper
 10048 | Snake:1  | Noticed a naga warrior
 10061 | Snake:1  | Killed a mana viper
 10062 | Snake:1  | Reached skill level 10 in Spellcasting
 10067 | Snake:1  | Mangled by a black mamba
 10068 | Snake:1  | Reached XP level 10. HP: -9/45 MP: 5/25
 10073 | Snake:1  | Noticed a guardian serpent
 10074 | Snake:1  | Noticed a shock serpent
 10076 | Snake:1  | Noticed a salamander
 10076 | Snake:1  | Noticed a naga warrior
 10076 | Snake:1  | Noticed a salamander
 10077 | Snake:1  | Killed from afar by a shock serpent

Illustrated notes

Levels and vault maps discovered:
D:1:      ncdulo_lavacross, layout_rooms
D:2:      minmay_angry_zag, layout_loops_ring, minmay_vboxes, uniq_natasha
D:3:      layout_rooms, shapermc_ecumenical_altar_gd, moated_statue, uniq_ijyb
D:4:      cheibrodos_fertilizer, layout_rooms,
          minmay_temple_entry_statues_pillars
D:5:      layout_loops_cross, nicolae_shop_overcharged_wands
D:6:      layout_loops_ring, serial_shops, nicolae_shop_waterfront,
          hangedman_decor_riveting, wad_rectangle_vault
D:7:      layout_cave_pods, minmay_misc_feat_alley, minmay_microvault,
          uniq_harold
D:8:      layout_loops_ring, mainiacjoe_overflow_chevrons,
          mainiacjoe_overflow_alcove_4, due_lair_maze_entry_diamond,
          minivault_11, uniq_maggie, uniq_joseph, uniq_erica, uniq_pikel
Lair:1:   layout_chaotic_city, gammafunk_ghost_hive
Lair:2:   layout_cave_pods, guppyfry_snake_entry_garden,
          small_statue_intersection, grunt_forest_small_clearing_treed,
          grunt_megastairs_1, serial_bayou_shore_b, lemuel_fruit_tree,
          serial_bayou_shore_b
Snake:1:  layout_cave_shapes, minmay_shop_grove

Skill      XL: |  1  2  3  4  5  6  7  8  9 10 11 |
---------------+----------------------------------+-----
Stealth        | 3 4 5 6 |  6.8
Conjurations   | 4 5 6 7 8 9 |  9.3
Dodging        | 3 4 5 6 7 |  7.1
Unarmed Combat | 2 3 4 |  4.6
Spellcasting   | 3 5 7 8 9 10 | 10.0
Transmutations | 1 |  1.4
Fighting       | 1 2 3 |  3.1
Hexes          | 1 3 5 7 8 9 |  9.3
Summonings     | 1 2 3 |  3.5
Air Magic      | 1 |  1.9
Evocations     | 2 3 |  3.5

Action                   |  1- 3 |  4- 6 |  7- 9 | 10-12 || total
-------------------------+-------+-------+-------+-------++-------
Melee: Unarmed           |    33 |    24 |    22 |    23 ||   102
       Bite              |     1 |       |     2 |     4 ||     7
       Punch             |       |       |     1 |       ||     1
 Cast: Magic Dart        |    22 |     5 |     1 |       ||    28
       Searing Ray       |    27 |    51 |    19 |    26 ||   123
       Wereblood         |     1 |     2 |       |       ||     3
       Fulminant Prism   |       |    11 |    39 |    26 ||    76
       Call Canine Famil |       |     1 |       |     2 ||     3
       Summon Lightning  |       |       |     3 |     2 ||     5
       Summon Guardian G |       |       |     1 |     3 ||     4
       Lightning Bolt    |       |       |       |    16 ||    16
Invok: Curse Item        |       |     1 |     2 |       ||     3
Evoke: Wand              |       |       |     2 |    14 ||    16
  Use: Scroll            |     4 |     4 |     3 |     5 ||    16
       Potion            |     1 |     8 |     5 |     7 ||    21
 Stab: Sleeping          |     2 |     2 |     2 |       ||     6
Armor: Skin              |     6 |     5 |     4 |     7 ||    22
Dodge: Dodged            |    53 |    60 |    52 |    72 ||   237
Block: Other             |       |       |    11 |    25 ||    36
       Reflection        |       |       |     2 |       ||     2
